| TOP OF THE 1ST |
|
Cleveland Indians batting - Pitching for Baltimore Orioles : LHP Aldo Questi
|
|
Pitching: LHP Aldo Questi
|
|
|
Batting: LHB Arvin Dungca
|
0-0: Ball 1-0: Swinging Strike 1-1: Ball 2-1: Ball 3-1: Swinging Strike 3-2: Base on Balls
|
|
Batting: RHB Nick Ogle
|
0-0: Fly out, F4 (Line Drive, 4, EV 70.6 MPH)
|
|
Batting: SHB Merrick Geter
|
0-0: Ball 1-0: Ball 2-0: Called Strike 2-1: Ball 3-1: TRIPLE (Line Drive, 8RXD, EV 96.2 MPH) Arvin Dungca scores
|
|
Batting: RHB Alex Rodriguez Jr.
|
0-0: SINGLE (Flyball, 34D, EV 86.9 MPH) Merrick Geter scores
|
|
Batting: SHB Tze-meng Gan
|
0-0: Ball 1-0: Ball 2-0: Called Strike 2-1: Foul Ball, location: 2RF, Error on foul ball, E2 2-2: Foul Ball, location: 2F 2-2: Foul Ball, location: 2F 2-2: Fly out, F2 (Popup, 2RF, EV 88.8 MPH)
|
|
Batting: RHB Drtian Thaqi
|
0-0: Ball 1-0: Ball 2-0: Fly out, F9 (Flyball, 9, EV 86.2 MPH)
|
| Top of the 1st over - 2 runs, 2 hits, 1 error, 1 left on base; Cleveland 2 - Baltimore 0 |
| BOTTOM OF THE 1ST |
|
Baltimore Orioles batting - Pitching for Cleveland Indians : RHP Ben Cole
|
|
Pitching: RHP Ben Cole
|
|
|
Batting: LHB Jesus Lozano
|
0-0: Ball 1-0: Ball 2-0: Foul Ball, location: 2F 2-1: Foul Ball, location: 2F 2-2: Foul Ball, location: 2F 2-2: Ball 3-2: Strikes out looking
|
|
Batting: RHB Marc Peckermark
|
0-0: Called Strike 0-1: Ball 1-1: DOUBLE (Flyball, 89XD, EV 105.0 MPH)
|
|
Batting: RHB Rudo Garciaparra
|
0-0: Ball 1-0: Ball 2-0: Ball 3-0: Base on Balls
|
|
Batting: SHB Robert Handy
|
0-0: Called Strike 0-1: Ball 1-1: Ball 2-1: Foul Ball, location: 2F 2-2: Strikes out swinging
|
|
Batting: RHB Saimei Kudo
|
0-0: Called Strike 0-1: Ball 1-1: Ground out 3-1 (Groundball, 34, EV 104.4 MPH)
|
| Bottom of the 1st over - 0 runs, 1 hit, 0 errors, 2 left on base; Cleveland 2 - Baltimore 0 |
| TOP OF THE 2ND |
|
Cleveland Indians batting - Pitching for Baltimore Orioles : LHP Aldo Questi
|
|
Batting: LHB Kyle Schaible
|
0-0: Called Strike 0-1: Ball 1-1: Swinging Strike 1-2: Ball 2-2: Ground out 4-3 (Groundball, 4, EV 83.8 MPH)
|
|
Batting: LHB Stu Sornson
|
0-0: Ball 1-0: Foul Ball, location: 2F 1-1: Ball 2-1: Ball 3-1: Swinging Strike 3-2: Strikes out swinging
|
|
Batting: SHB Billy Durham
|
0-0: Foul Ball, location: 2F 0-1: Ball 1-1: Ball 2-1: Called Strike 2-2: Foul Ball, location: 2F 2-2: Ball 3-2: Ground out U3 (Groundball, 13, EV 84.4 MPH)
|
| Top of the 2nd over - 0 runs, 0 hits, 0 errors, 0 left on base; Cleveland 2 - Baltimore 0 |
| BOTTOM OF THE 2ND |
|
Baltimore Orioles batting - Pitching for Cleveland Indians : RHP Ben Cole
|
|
Batting: RHB Randy Johnson Jr.
|
0-0: Ball 1-0: Ball 2-0: Called Strike 2-1: Swinging Strike 2-2: SINGLE (Groundball, 6S, EV 67.5 MPH) (infield hit)
|
|
Batting: LHB Bob Melley
|
0-0: Ball 1-0: Bunt missed! 1-1: Sac Bunt to 15S - play at first, batter OUT! 1-3 Randy Johnson Jr. to second
|
|
Batting: RHB John Loving
|
0-0: SINGLE (Groundball, 56D, EV 100.6 MPH) Randy Johnson Jr. to third Runner from 3rd tries for Home, throw by LF and OUT! 7-2
|
|
Batting: RHB Jesse Basich
|
0-0: Ball 1-0: Ball John Loving steals 2nd base 2-0: DOUBLE (Groundball, 5L, EV 103.8 MPH) John Loving scores
|
|
Batting: LHB Jesus Lozano
|
0-0: Ball 1-0: Ball 2-0: Called Strike 2-1: Ball 3-1: Called Strike 3-2: Foul Ball, location: 2F 3-2: Base on Balls
|
|
Batting: RHB Marc Peckermark
|
0-0: Swinging Strike 0-1: Ball 1-1: Fielders Choice at 2nd, 6-4 (Groundball, 6, EV 77.5 MPH)
|
| Bottom of the 2nd over - 1 run, 3 hits, 0 errors, 2 left on base; Cleveland 2 - Baltimore 1 |
| TOP OF THE 3RD |
|
Cleveland Indians batting - Pitching for Baltimore Orioles : LHP Aldo Questi
|
|
Batting: LHB Arvin Dungca
|
0-0: Fly out, F8 (Flyball, 8RXD, EV 84.4 MPH)
|
|
Batting: RHB Nick Ogle
|
0-0: Ball 1-0: Called Strike 1-1: Ball 2-1: Ball 3-1: Base on Balls
|
|
Batting: SHB Merrick Geter
|
0-0: Ball 1-0: Foul Ball, location: 2F 1-1: Ball 2-1: Swinging Strike 2-2: Foul Ball, location: 2F 2-2: Strikes out looking
|
|
Batting: RHB Alex Rodriguez Jr.
|
0-0: Ball 1-0: Foul Ball, location: 2F 1-1: Called Strike 1-2: Ball 2-2: Ball 3-2: 2-RUN HOME RUN (Flyball, 9D, EV 99.4 MPH), Distance : 388 ft
|
|
Batting: SHB Tze-meng Gan
|
0-0: Ball 1-0: SINGLE (Line Drive, 34, EV 97.5 MPH)
|
|
Batting: RHB Drtian Thaqi
|
0-0: Ball 1-0: Called Strike 1-1: Ball 2-1: Swinging Strike 2-2: Strikes out swinging
|
| Top of the 3rd over - 2 runs, 2 hits, 0 errors, 1 left on base; Cleveland 4 - Baltimore 1 |
| BOTTOM OF THE 3RD |
|
Baltimore Orioles batting - Pitching for Cleveland Indians : RHP Ben Cole
|
|
Batting: RHB Rudo Garciaparra
|
0-0: Called Strike 0-1: Ball 1-1: Ball 2-1: Ball 3-1: Foul Ball, location: 2F 3-2: Foul Ball, location: 2F 3-2: Strikes out swinging
|
|
Batting: SHB Robert Handy
|
0-0: Ball 1-0: Called Strike 1-1: Called Strike 1-2: Ball 2-2: Ground out U3 (Groundball, 34, EV 98.8 MPH)
|
|
Batting: RHB Saimei Kudo
|
0-0: Ball 1-0: Foul Ball, location: 2F 1-1: Called Strike 1-2: Ball 2-2: Ball 3-2: Base on Balls
|
|
Batting: RHB Randy Johnson Jr.
|
0-0: Ball 1-0: Swinging Strike 1-1: Ball 2-1: Called Strike 2-2: Ground out 6-3 (Groundball, 4MS, EV 86.2 MPH)
|
| Bottom of the 3rd over - 0 runs, 0 hits, 0 errors, 1 left on base; Cleveland 4 - Baltimore 1 |
| TOP OF THE 4TH |
|
Cleveland Indians batting - Pitching for Baltimore Orioles : LHP Aldo Questi
|
|
Batting: LHB Kyle Schaible
|
0-0: Ball 1-0: Fly out, F7 (Flyball, 7LS, EV 92.5 MPH)
|
|
Batting: LHB Stu Sornson
|
0-0: Ball 1-0: Ball 2-0: Foul Ball, location: 2F 2-1: Foul Ball, location: 2F 2-2: Ball 3-2: Foul Ball, location: 2F 3-2: Foul Ball, location: 2F 3-2: Ground out 6-3 (Groundball, 6, EV 82.5 MPH)
|
|
Batting: SHB Billy Durham
|
0-0: Ball 1-0: Ball 2-0: DOUBLE (Flyball, 8RXD, EV 115.0 MPH)
|
|
Batting: LHB Arvin Dungca
|
0-0: Ball 1-0: Swinging Strike 1-1: Ball 2-1: Swinging Strike 2-2: Strikes out swinging
|
| Top of the 4th over - 0 runs, 1 hit, 0 errors, 1 left on base; Cleveland 4 - Baltimore 1 |
| BOTTOM OF THE 4TH |
|
Baltimore Orioles batting - Pitching for Cleveland Indians : RHP Ben Cole
|
|
Batting: LHB Bob Melley
|
0-0: Called Strike 0-1: Called Strike 0-2: Ball 1-2: Ball 2-2: Foul Ball, location: 2F 2-2: Foul Ball, location: 2F 2-2: Foul Ball, location: 2F 2-2: Strikes out swinging
|
|
Batting: RHB John Loving
|
0-0: Swinging Strike 0-1: Foul Ball, location: 2F 0-2: Strikes out swinging
|
|
Batting: RHB Jesse Basich
|
0-0: Called Strike 0-1: Ball 1-1: Ball 2-1: Fly out, F6 (Flyball, 5D, EV 86.2 MPH)
|
| Bottom of the 4th over - 0 runs, 0 hits, 0 errors, 0 left on base; Cleveland 4 - Baltimore 1 |
| TOP OF THE 5TH |
|
Cleveland Indians batting - Pitching for Baltimore Orioles : LHP Aldo Questi
|
|
Batting: RHB Nick Ogle
|
0-0: Ball 1-0: Ball 2-0: Swinging Strike 2-1: Ball 3-1: Fly out, F3 (Line Drive, 34, EV 86.2 MPH)
|
|
Batting: SHB Merrick Geter
|
0-0: Fly out, F8 (Flyball, 8LD, EV 98.1 MPH)
|
|
Batting: RHB Alex Rodriguez Jr.
|
0-0: Ball 1-0: Foul Ball, location: 2F 1-1: Ball 2-1: Ball 3-1: Swinging Strike 3-2: Foul Ball, location: 2F 3-2: Foul Ball, location: 2F 3-2: Ground out 6-3 (Groundball, 6, EV 92.5 MPH)
|
| Top of the 5th over - 0 runs, 0 hits, 0 errors, 0 left on base; Cleveland 4 - Baltimore 1 |
| BOTTOM OF THE 5TH |
|
Baltimore Orioles batting - Pitching for Cleveland Indians : RHP Ben Cole
|
|
Batting: LHB Jesus Lozano
|
0-0: Ball 1-0: Ball 2-0: DOUBLE (Flyball, 8LD, EV 84.4 MPH)
|
|
Batting: RHB Marc Peckermark
|
0-0: Swinging Strike 0-1: Ball 1-1: Swinging Strike 1-2: Strikes out swinging
|
|
Batting: RHB Rudo Garciaparra
|
0-0: SINGLE (Groundball, 6S, EV 64.4 MPH) (infield hit) Jesus Lozano to third
|
|
Batting: SHB Robert Handy
|
0-0: Foul Ball, location: 2F 0-1: Fly out, F5 (Popup, 15S, EV 91.2 MPH)
|
|
Batting: RHB Saimei Kudo
|
0-0: Called Strike 0-1: Foul Ball, location: 2F 0-2: Ball 1-2: Ball 2-2: Ball 3-2: Foul Ball, location: 2F 3-2: Foul Ball, location: 2F 3-2: Foul Ball, location: 2F 3-2: Foul Ball, location: 2F 3-2: Ground out 5-3 (Groundball, 56S, EV 81.9 MPH)
|
| Bottom of the 5th over - 0 runs, 2 hits, 0 errors, 2 left on base; Cleveland 4 - Baltimore 1 |
| TOP OF THE 6TH |
|
Cleveland Indians batting - Pitching for Baltimore Orioles : LHP Aldo Questi
|
|
Batting: SHB Tze-meng Gan
|
0-0: Ball 1-0: Foul Ball, location: 2F 1-1: Ball 2-1: Fly out, F7 (Flyball, 7, EV 96.2 MPH)
|
|
Pitching: RHP Terry Huffmaster
|
|
|
Batting: RHB Drtian Thaqi
|
0-0: Called Strike 0-1: SOLO HOME RUN (Flyball, 9LD, EV 94.4 MPH), Distance : 342 ft
|
|
Batting: LHB Kyle Schaible
|
0-0: Foul Ball, location: 2F 0-1: Ball 1-1: Ball 2-1: Foul Ball, location: 2F 2-2: Foul Ball, location: 2F 2-2: Strikes out swinging
|
|
Batting: LHB Stu Sornson
|
0-0: Fly out, F7 (Flyball, 7, EV 93.1 MPH)
|
| Top of the 6th over - 1 run, 1 hit, 0 errors, 0 left on base; Cleveland 5 - Baltimore 1 |
| BOTTOM OF THE 6TH |
|
Baltimore Orioles batting - Pitching for Cleveland Indians : RHP Ben Cole
|
|
Pitching: RHP Joe Zeiset
|
|
|
Batting: RHB Randy Johnson Jr.
|
0-0: Ball 1-0: SINGLE (Groundball, 4MD, EV 96.2 MPH)
|
|
Batting: LHB Bob Melley
|
0-0: Foul Ball, location: 2F 0-1: Reached on error, E6 (Groundball, 6MS, EV 90.6 MPH) Randy Johnson Jr. to second
|
|
Batting: RHB John Loving
|
0-0: Ball 1-0: DOUBLE (Line Drive, 78M, EV 102.5 MPH) Randy Johnson Jr. scores Bob Melley to third
|
|
Batting: RHB Jesse Basich
|
0-0: Ball 1-0: Fly out, F7 (Flyball, 7, EV 90.6 MPH)
|
|
Batting: LHB Jesus Lozano
|
0-0: Foul Ball, location: 2F 0-1: Foul Ball, location: 2F 0-2: Ground out 6-3 (Groundball, 6, EV 108.1 MPH) Bob Melley scores
|
|
Batting: RHB Marc Peckermark
|
0-0: Foul Ball, location: 2F 0-1: Foul Ball, location: 2F 0-2: Strikes out swinging
|
| Bottom of the 6th over - 2 runs, 2 hits, 1 error, 1 left on base; Cleveland 5 - Baltimore 3 |
| TOP OF THE 7TH |
|
Cleveland Indians batting - Pitching for Baltimore Orioles : RHP Terry Huffmaster
|
|
Pitching: RHP Chris Dauphin
|
|
|
Batting: SHB Billy Durham
|
0-0: DOUBLE (Flyball, 8RXD, EV 95.6 MPH)
|
|
Batting: LHB Arvin Dungca
|
0-0: Intentional Walk
|
|
Batting: RHB Nick Ogle
|
0-0: Foul Ball, location: 2F 0-1: Ball 1-1: Ball 2-1: Called Strike 2-2: Foul Ball, location: 2F 2-2: Fly out, F1 (Line Drive, P, EV 76.9 MPH)
|
|
Batting: SHB Merrick Geter
|
0-0: Called Strike 0-1: Foul Ball, location: 2F 0-2: Ball 1-2: Strikes out looking
|
|
Batting: RHB Alex Rodriguez Jr.
|
0-0: Called Strike 0-1: Swinging Strike 0-2: Ball 1-2: Ground out 1-3 (Groundball, 13S, EV 70.0 MPH)
|
| Top of the 7th over - 0 runs, 1 hit, 0 errors, 2 left on base; Cleveland 5 - Baltimore 3 |
| BOTTOM OF THE 7TH |
|
Baltimore Orioles batting - Pitching for Cleveland Indians : RHP Joe Zeiset
|
|
Batting: RHB Rudo Garciaparra
|
0-0: Ball 1-0: Foul Ball, location: 2F 1-1: Swinging Strike 1-2: Hit by Pitch
|
|
Batting: SHB Robert Handy
|
0-0: Ball 1-0: Ball Rudo Garciaparra steals 2nd base (no throw) 2-0: Fly out, F4 (Popup, 34, EV 55.6 MPH)
|
|
Batting: RHB Saimei Kudo
|
0-0: Ball 1-0: Ball Rudo Garciaparra steals 3rd base 2-0: Ball 3-0: Base on Balls
|
|
Batting: RHB Randy Johnson Jr.
|
0-0: Called Strike 0-1: Ball 1-1: Called Strike 1-2: Strikes out looking
|
|
Batting: LHB Bob Melley
|
0-0: Ball 1-0: Foul Ball, location: 2F 1-1: Called Strike 1-2: Ball 2-2: Strikes out swinging
|
| Bottom of the 7th over - 0 runs, 0 hits, 0 errors, 2 left on base; Cleveland 5 - Baltimore 3 |
| TOP OF THE 8TH |
|
Cleveland Indians batting - Pitching for Baltimore Orioles : RHP Chris Dauphin
|
|
Pitching: RHP Jay Rapini
|
|
|
Batting: SHB Tze-meng Gan
|
0-0: Called Strike 0-1: Called Strike 0-2: Ball 1-2: Ground out 4-3 (Groundball, 4, EV 87.5 MPH)
|
|
Batting: RHB Drtian Thaqi
|
0-0: Ball 1-0: Ball 2-0: Ball 3-0: Called Strike 3-1: SINGLE (Line Drive, 8LS, EV 100.0 MPH)
|
|
Batting: LHB Kyle Schaible
|
0-0: Ball 1-0: Swinging Strike 1-1: Ground out 4-3 (Groundball, 34D, EV 107.5 MPH) Drtian Thaqi to second
|
|
Batting: LHB Stu Sornson
|
0-0: Called Strike 0-1: Fly out, F7 (Flyball, 78M, EV 91.2 MPH)
|
| Top of the 8th over - 0 runs, 1 hit, 0 errors, 1 left on base; Cleveland 5 - Baltimore 3 |
| BOTTOM OF THE 8TH |
|
Baltimore Orioles batting - Pitching for Cleveland Indians : RHP Joe Zeiset
|
|
Pitching: RHP Jon Glenn
|
|
|
Batting: RHB John Loving
|
0-0: Called Strike 0-1: Called Strike 0-2: Ball 1-2: Ground out 6-3 (Groundball, P, EV 86.2 MPH)
|
|
Batting: RHB Jesse Basich
|
0-0: Swinging Strike 0-1: Called Strike 0-2: Strikes out swinging
|
|
Batting: LHB Jesus Lozano
|
0-0: Ball 1-0: SINGLE (Groundball, 34D, EV 103.1 MPH)
|
|
Batting: RHB Marc Peckermark
|
0-0: Called Strike 0-1: Ball 1-1: Ball 2-1: Ground out 4-3 (Groundball, 34, EV 83.8 MPH)
|
| Bottom of the 8th over - 0 runs, 1 hit, 0 errors, 1 left on base; Cleveland 5 - Baltimore 3 |
| TOP OF THE 9TH |
|
Cleveland Indians batting - Pitching for Baltimore Orioles : RHP Jay Rapini
|
|
Pitching: RHP Riso Profanter
|
|
|
Batting: SHB Billy Durham
|
0-0: Ball 1-0: Called Strike 1-1: Called Strike 1-2: Strikes out looking
|
|
Batting: LHB Arvin Dungca
|
0-0: Swinging Strike 0-1: Ball 1-1: Ground out U3 (Groundball, 3, EV 78.8 MPH)
|
|
Batting: RHB Nick Ogle
|
0-0: Ball 1-0: Foul Ball, location: 2F 1-1: Swinging Strike 1-2: Ball 2-2: Ball 3-2: Foul Ball, location: 2F 3-2: Ground out 6-3 (Groundball, 6, EV 90.6 MPH)
|
| Top of the 9th over - 0 runs, 0 hits, 0 errors, 0 left on base; Cleveland 5 - Baltimore 3 |
| BOTTOM OF THE 9TH |
|
Baltimore Orioles batting - Pitching for Cleveland Indians : RHP Jon Glenn
|
|
Pitching: RHP Juan Flores
|
|
|
Batting: RHB Rudo Garciaparra
|
0-0: Swinging Strike 0-1: Fly out, F7 (Flyball, 7D, EV 108.8 MPH)
|
|
Batting: SHB Robert Handy
|
0-0: Called Strike 0-1: Foul Ball, location: 2F 0-2: Ball 1-2: Foul Ball, location: 2F 1-2: Ball 2-2: Ball 3-2: Ground out 6-3 (Groundball, 4, EV 106.2 MPH)
|
|
Batting: RHB Saimei Kudo
|
0-0: Ball 1-0: Swinging Strike 1-1: Ball 2-1: Ball 3-1: Foul Ball, location: 2F 3-2: Foul Ball, location: 2F 3-2: Base on Balls
|
|
Batting: RHB Randy Johnson Jr.
|
0-0: Called Strike 0-1: Ball 1-1: Fly out, F8 (Flyball, 8RD, EV 105.0 MPH)
|
| Bottom of the 9th over - 0 runs, 0 hits, 0 errors, 1 left on base; Cleveland 5 - Baltimore 3 |
|